 Dungeon Sprint DCSS version 0.27-a0-789-g6bb3289e1e (webtiles) character file.

Game seed: 3346751776457762490

210 mhtbhm the Shield-Bearer (level 5, -4/37 HPs)
             Began as a Gargoyle Fighter on Mar 26, 2021.
             Was an Initiate of Okawaru.
             Slain by an acid dragon (10 damage)
             ... in the Dungeon (Sprint IX: "|||||||||||||||||||||||||||||").
             The game lasted 00:00:44 (509 turns).

mhtbhm the Shield-Bearer (Gargoyle Fighter)          Turns: 509, Time: 00:00:45

Health: -4/37      AC: 11    Str: 23    XL:     5   Next: 88%
Magic:  5/5        EV:  5    Int: 12    God:    Okawaru [......]
Gold:   0          SH: 11    Dex:  9    Spells: 4/4 levels left

rFire    . . .     SeeInvis .   a - +0 flail
rCold    . . .     Faith    .   c - +0 kite shield
rNeg     + . .     Spirit   .   b - +0 plate armour
rPois    ∞         Reflect  .   (no helmet)
rElec    +         Harm     .   o - +0 cloak
rCorr    .         Rampage  .   (no gloves)
Will     .....     NoTele   +   n - +0 pair of boots
Stlth    ..........             (no amulet)
HPRegen  0.12/turn              p - +3 ring of intelligence
MPRegen  0.09/turn              q - +3 ring of strength

@: corroded
A: AC +4, negative energy resistance 1, electricity resistance, torment
resistance 1, unbreathing 1, petrification resistance
a: Renounce Religion


You were in the Dungeon.
You worshipped Okawaru.
Okawaru was noncommittal.
You visited 1 branch

Inventory:

Hand Weapons
 a - a +0 flail (weapon)
Armour
 b - a +0 plate armour (worn)
 c - a +0 kite shield (worn)
 n - a +0 pair of boots (worn)
 o - a +0 cloak (worn)
Jewellery
 p - a +3 ring of intelligence (right hand)
 q - a +3 ring of strength (left hand)
Wands
 m - a wand of acid (9)
Scrolls
 j - 2 scrolls of blinking
 l - 2 scrolls of amnesia
Potions
 d - a potion of might
 e - 5 potions of curing
 f - 2 potions of heal wounds
 g - a potion of haste
 h - 4 potions of magic
 i - a potion of berserk rage
 k - a potion of invisibility


   Skills:
 + Level 6.8 Fighting
 + Level 5.2 Maces & Flails
 + Level 7.2 Armour
 + Level 1.0 Dodging
 + Level 7.9 Shields


You had 4 spell levels left.
You didn't know any spells.
Your spell library was empty.

Dungeon Overview and Level Annotations

Branches:
Dungeon (1/1)

Altars:
Cheibriados
Dithmenos
Elyvilon
Fedhas
Gozag
Hepliaklqana
Kikubaaqudgha
Makhleb
Nemelex Xobeh
Okawaru
Qazlal
Ru
Sif Muna
Trog
Uskayaw
Vehumet
Wu Jian
Xom
Yredelemnul
Zin
The Shining One
Beogh
Jiyva
Lugonu


Innate Abilities, Weirdness & Mutations

Your stone body is resilient. (AC +4)
You are immune to poison.
You resist negative energy. (rN+)
You are resistant to electric shocks. (rElec)
You are resistant to unholy torment.
You can survive without breathing.
You are immune to petrification.


Message History

The bolt of acid hits the acid dragon.
The acid dragon is lightly wounded.
The bolt of acid hits the howler monkey!
The howler monkey is splashed with acid!
The acid corrodes the howler monkey!
You kill the howler monkey!
Okawaru accepts your kill.
The bolt of acid hits the yak!
The yak is splashed with acid.
The acid corrodes the yak!
The yak is moderately wounded.
The bolt of acid hits the yak!
The yak is splashed with acid.
The acid corrodes the yak!
The yak is moderately wounded.
You block the acid dragon's attack. The acid dragon claws you.
Your Maces & Flails skill increases to level 5!
Your Armour skill increases to level 7!
Your Dodging skill increases to level 1!
You feel much better. The acid dragon spits acid at you.
The splash of acid hits you. The acid corrodes you!
You are splashed with acid!
You hit the acid dragon.
The acid dragon is moderately wounded.
The acid dragon barely misses you. x2; You block the acid dragon's attack. x2
You hit the acid dragon but do no damage.
The acid dragon is moderately wounded.
The acid dragon bites you but does no damage.
You block the acid dragon's attack.
You hit the acid dragon but do no damage.
The acid dragon is moderately wounded.
You block the acid dragon's attack. The acid dragon barely misses you.
You barely miss the acid dragon.
The acid dragon is moderately wounded.
The yak is no longer covered in acid.
The acid dragon spits acid at you. The splash of acid hits you.
The acid corrodes you!
You are splashed with acid!
* * * LOW HITPOINT WARNING * * *
You hit the acid dragon but do no damage.
The acid dragon is moderately wounded.
The acid dragon bites you!
You die...

▓.▓
▓.▓
▓.▓
▓o▓
▓Y▓
▓Y▓
▓D▓
▓@▓
▓.▓
▓.▓
▓[▓
▓.▓
▓.▓
▓)▓
▓.▓
▓.▓


You could see 2 yaks, an orc warrior and an acid dragon.

Vanquished Creatures
  An ogre (D)
  A killer bee (D)
  A howler monkey (D)
  An iguana (D)
  An ufetubus (D)
  An adder skeleton (D)
  A ball python (D)
  An endoplasm (D)
  A giant cockroach (D)
  A quokka (D)
  2 kobolds (D)
12 creatures vanquished.

Notes
Turn   | Place    | Note
-------+----------+-------------------------------------------
     0 | D        | mhtbhm the Gargoyle Fighter began the quest for the Orb.
     0 | D        | Reached XP level 1. HP: 14/14 MP: 1/1
   118 | D        | Noticed an iguana
   118 | D        | Noticed an ogre
   122 | D        | Killed an ogre
   123 | D        | Reached skill level 5 in Fighting
   123 | D        | Reached skill level 5 in Armour
   123 | D        | Reached XP level 2. HP: 22/22 MP: 2/2
   123 | D        | Reached XP level 3. HP: 27/27 MP: 3/3
   123 | D        | Reached XP level 4. HP: 32/32 MP: 4/4
   141 | D        | Reached XP level 5. HP: 5/36 MP: 5/5
   409 | D        | Found a snail-covered altar of Cheibriados.
   409 | D        | Found a shadowy altar of Dithmenos.
   409 | D        | Found a white marble altar of Elyvilon.
   409 | D        | Found a blossoming altar of Fedhas.
   409 | D        | Found an opulent altar of Gozag.
   410 | D        | Found a hazy altar of Hepliaklqana.
   411 | D        | Found a viscous altar of Jiyva.
   412 | D        | Found an ancient bone altar of Kikubaaqudgha.
   413 | D        | Found a corrupted altar of Lugonu.
   414 | D        | Found a burning altar of Makhleb.
   415 | D        | Found a sparkling altar of Nemelex Xobeh.
   416 | D        | Found an iron altar of Okawaru.
   417 | D        | Found a stormy altar of Qazlal.
   418 | D        | Found a sacrificial altar of Ru.
   419 | D        | Found a shimmering blue altar of Sif Muna.
   420 | D        | Found a bloodstained altar of Trog.
   421 | D        | Found a hide-covered altar of Uskayaw.
   422 | D        | Found a radiant altar of Vehumet.
   423 | D        | Found an ornate altar of the Wu Jian Council.
   424 | D        | Became a worshipper of Warmaster Okawaru
   425 | D        | Found a shimmering altar of Xom.
   426 | D        | Found a basalt altar of Yredelemnul.
   427 | D        | Found a glowing silver altar of Zin.
   428 | D        | Found a glowing golden altar of the Shining One.
   481 | D        | Noticed an orc warrior
   481 | D        | Noticed a yak
   481 | D        | Noticed a yak
   481 | D        | Noticed an acid dragon
   504 | D        | Reached skill level 5 in Maces & Flails
   504 | D        | Reached skill level 1 in Dodging
   509 | D        | Slain by an acid dragon

Illustrated notes

Levels and vault maps discovered:
D:        linesprint [early_d, line_temple, items_1, d_10, items_2, lair_1,
          lair_end, items_3, orc_1, orc_end, items_4, d_15, swamp_1, shoals_1,
          snake_1, spider_1, d_20, vaults_1, items_5, swamp_end, shoals_end,
          snake_end, spider_end, vaults_end, d_27, items_6, zot_1, zot_end,
          crypt_end, forest_end, elf_end, slime_end, tomb_end, abyss_end,
          pan_hell_end]

Skill      XL: |  1  2  3  4  5 |
---------------+----------------+-----
Fighting       | 5 6 |  6.8
Shields        | 6 7 |  7.9
Maces & Flails | 3 4 5 |  5.2
Armour         | 5 6 7 |  7.2
Dodging        | 1 |  1.0

Action                   |  1- 3 |  4- 6 || total
-------------------------+-------+-------++-------
Melee: Flail             |    20 |    46 ||    66
Evoke: Wand              |       |     1 ||     1
  Use: Potion            |       |     1 ||     1
Armor: Scale mail        |     6 |     9 ||    15
       Plate armour      |       |    18 ||    18
Dodge: Dodged            |     8 |    19 ||    27
Block: Kite shield       |    11 |    37 ||    48

Table legend: (Time is in decaauts)
 A = Elapsed time spent in this place.
 B = Non-inter-level travel time spent in this place.
 C = Inter-level travel time spent in this place.
 D = Time resting spent in this place.
 E = Time spent auto-exploring this place.
 F = Levels seen in this place.
 G = Mean time per level.
                   A        B        C        D        E       F      G
               +--------+--------+--------+--------+--------+-----+--------+
         Total |    533 |    533 |      0 |    352 |      0 |   1 |  533.0 |
       Dungeon |    533 |    533 |      0 |    352 |      0 |   1 |  533.0 |
               +--------+--------+--------+--------+--------+-----+--------+

Top non-repeatable levels by time:
       D: 533 daAuts
